 Dungeon Crawl Stone Soup version 0.28-a0-1339-ga5422284a4 (webtiles) character file.

Game seed: 8205617888442340757

358664 blank1 the Slayer (level 22, -12/164 HPs)
             Began as a Gargoyle Fighter on Dec 28, 2021.
             Was the Champion of Okawaru.
             Mangled by an iron troll (13 damage)
             ... on level 1 of the Depths on Dec 29, 2021.
             The game lasted 02:44:48 (60652 turns).

blank1 the Slayer (Gargoyle Fighter)               Turns: 60652, Time: 02:44:48

Health: -12/164    AC: 59    Str: 31    XL:     22   Next: 39%
Magic:  0/33       EV: 13    Int: 12    God:    Okawaru [******]
Gold:   4204       SH: 21    Dex: 20    Spells: 21/21 levels left

rFire   + + +      SeeInvis +   O - +9 demon trident of Qijid {venom, rC+ SInv}
rCold   + + .      Faith    .   Q - +7 kite shield of Pan-Flutes {Rampage Will+ Int-4 Dex+4}
rNeg    + . .      Spirit   +   A - +7 gold dragon scales
rPois   ∞          Reflect  .   e - +0 helmet
rElec   +          Harm     .   u - +1 cloak {Will+}
rCorr   .          Rampage  +   m - +2 pair of gloves {Str+3}
Will    +++..                   v - +2 pair of boots {Stlth+}
Stlth   ..........              w - amulet of guardian spirit
HPRegen 0.37/turn               j - ring of Rogitos {rPois rF+ Dex+7}
MPRegen 0.23/turn               R - ring "Ritecseq" {rPois rF++ Int+6 Dex-2 Slay+5}

@: flying, studying Conjurations
A: sickness immunity, AC +16, big wings, negative energy resistance 1,
electricity resistance, torment resistance 1, petrification resistance
}: 2/15 runes: barnacled, gossamer
a: Renounce Religion, Heroism, Finesse, Duel


You were on level 1 of the Depths.
You worshipped Okawaru.
Okawaru was exalted by your worship.
You visited 8 branches of the dungeon, and saw 38 of its levels.
You visited the Abyss 1 time.
You also visited: Ice Cave, Volcano and Desolation.

You collected 5984 gold pieces.
You spent 1780 gold pieces at shops.

Inventory:

Hand Weapons
 c - the +3 Elemental Staff {rElec rF++ rC++ AC+5}
   (You acquired it on level 6 of the Lair of Beasts)

   If the wielder is skilled in Evocations, they can discharge powerful blasts
   of elemental energy when striking with it.
   It enhances your fire, ice, earth and air magic.
   AC:        It affects your AC (+5).
   rF:        It greatly protects you from fire.
   rC:        It greatly protects you from cold.
   rElec:     It insulates you from electricity.
 n - the +10 mace of Muorog {vorpal, rN+}
   (You found it on level 2 of the Dungeon)

   It inflicts extra damage upon your enemies.
   rN:        It protects you from negative energy.
 O - the +9 demon trident of Qijid (weapon) {venom, rC+ SInv}
   (You took it off a merfolk on level 4 of the Shoals)

   It poisons the flesh of those it strikes.
   rC:        It protects you from cold.
   SInv:      It lets you see invisible.
 W - a +5 antimagic demon whip
 Y - a +4 eudemon blade of holy wrath
Missiles
 k - 6 throwing nets
 r - 6 silver javelins (quivered)
 F - 11 boomerangs of dispersal
Armour
 e - a +0 helmet (worn)
 m - a +2 pair of gloves of strength (worn)
 u - a +1 cloak of willpower (worn)
 v - a +2 pair of boots of stealth (worn)
 A - +7 gold dragon scales (worn)
 Q - the +7 kite shield of Pan-Flutes (worn) {Rampage Will+ Int-4 Dex+4}
   (Okawaru gifted it to you on level 1 of the Vaults)

   Int:       It affects your intelligence (-4).
   Dex:       It affects your dexterity (+4).
   Rampage:   It bestows one free step when moving towards enemies.
   Will:      It increases your willpower.
Jewellery
 j - the ring of Rogitos (left hand) {rPois rF+ Dex+7}
   (You acquired it on level 6 of the Dungeon)

   [ring of protection from fire]

   Dex:       It affects your dexterity (+7).
   rF:        It protects you from fire.
   rPois:     It protects you from poison.
 w - an amulet of guardian spirit (around neck)
 E - a ring of see invisible
 N - the ring "Zyixzuhe" {Wiz rN+ Int+4}
   (You found it on level 14 of the Dungeon)

   [ring of wizardry]

   It improves your spell success rate.
   Int:       It affects your intelligence (+4).
   rN:        It protects you from negative energy.
 R - the ring "Ritecseq" (right hand) {rPois rF++ Int+6 Dex-2 Slay+5}
   (You found it in an ice cave)

   [ring of intelligence]

   Int:       It affects your intelligence (+6).
   Dex:       It affects your dexterity (-2).
   Slay:      It affects your accuracy & damage with ranged weapons and melee
   (+5).
   rF:        It greatly protects you from fire.
   rPois:     It protects you from poison.
 S - the ring of Huivitri {rElec rPois rF+ Str+4 Stlth-}
   (You took it off a white draconian in an ice cave)

   [ring of protection from fire]

   Str:       It affects your strength (+4).
   rF:        It protects you from fire.
   rElec:     It insulates you from electricity.
   rPois:     It protects you from poison.
   Stlth:     It makes you less stealthy.
 T - a ring of resist corrosion
Wands
 a - a wand of digging (5)
 y - a wand of iceblast (35)
 B - a wand of acid (24)
 H - a wand of flame (21)
 I - a wand of paralysis (43)
 V - a wand of mindburst (3)
Scrolls
 f - 9 scrolls of teleportation
 l - 4 scrolls of amnesia
 D - a scroll of holy word
 G - 2 scrolls of blinking
 J - 15 scrolls of identify
 M - 6 scrolls of magic mapping
 P - 6 scrolls of fear
 U - a scroll of silence
Potions
 b - 7 potions of magic
 d - 2 potions of might
 g - 6 potions of heal wounds
 h - 3 potions of invisibility
 i - 3 potions of resistance
 o - 8 potions of lignification
 p - 4 potions of mutation
 q - 7 potions of haste
 s - 6 potions of ambrosia
 t - 15 potions of curing
 x - 7 potions of brilliance
 z - 13 potions of attraction
 K - 2 potions of berserk rage
 L - 3 potions of cancellation


   Skills:
 - Level 25.0 Fighting
 - Level 14.0(14.2) Maces & Flails
 - Level 13.7(14.0) Polearms
 - Level 4.1(13.6) Staves
 + Level 19.9 Armour
 + Level 11.2 Dodging
 - Level 15.0 Shields
 - Level 15.0 Invocations
 - Level 8.0 Evocations


You had 21 spell levels left.
You didn't know any spells.
Your spell library contained the following spells:

 Spells                   Type           Power      Damage    Failure   Level
 Beastly Appendage        Tmut           0%         N/A       97%         1
 Pain                     Necr           0%         1d4       97%         1
 Sandblast                Erth           0%         2d4       97%         1
 Sting                    Tmut/Pois      0%         1d3       97%         1
 Ensorcelled Hibernation  Hex/Ice        0%         N/A       99%         2
 Passwall                 Tmut/Erth      0%         N/A       99%         2
 Static Discharge         Conj/Air       0%         N/A       99%         2
 Wereblood                Tmut           0%         N/A       99%         2
 Dazzling Flash           Conj/Hex       0%         N/A       100%        3
 Frozen Ramparts          Ice            0%         1d2       100%        3
 Portal Projectile        Hex/Tloc       0%         N/A       100%        3
 Spider Form              Tmut/Pois      0%         N/A       100%        3
 Stone Arrow              Conj/Erth      0%         3d7       100%        3
 Vampiric Draining        Necr           0%         2d6       100%        3
 Dispel Undead            Necr           0%         3d6       100%        4
 Fulminant Prism          Conj/Hex       0%         3d6       100%        4
 Hailstorm                Conj/Ice       0%         3d3       100%        4
 Ice Form                 Ice/Tmut       0%         N/A       100%        4
 Iskenderun's Mystic Bla  Conj/Tloc      0%         2d3       100%        4
 Sticky Flame             Conj/Fire      0%         2d3       100%        4
 Agony                    Necr           0%         N/A       100%        5
 Alistair's Intoxication  Tmut/Pois      0%         N/A       100%        5
 Blade Hands              Tmut           0%         N/A       100%        5
 Borgnjor's Vile Clutch   Necr/Erth      0%         N/A       100%        5
 Excruciating Wounds      Necr           0%         N/A       100%        5
 Freezing Cloud           Conj/Ice/Air   0%         6-21      100%        5
 Irradiate                Conj/Tmut      0%         3d13      100%        5
 Lee's Rapid Deconstruct  Erth           0%         3d5*      100%        5
 Silence                  Hex/Air        0%         N/A       100%        5
 Dispersal                Tloc           0%         N/A       100%        6
 Eringya's Noxious Bog    Tmut/Pois      0%         N/A       100%        6
 Enfeeble                 Hex            0%         N/A       100%        7
 Orb of Destruction       Conj           0%         N/A       100%        7
 Storm Form               Tmut/Air       0%         N/A       100%        7
 Disjunction              Tloc           0%         N/A       100%        8
 Maxwell's Capacitive Co  Air            0%         ∞         100%        8
 Polar Vortex             Ice            0%         N/A       100%        9
 Animate Skeleton         Necr           Unusable   N/A       N/A         1
 Summon Guardian Golem    Hex/Summ       Unusable   N/A       N/A         3
 Tukima's Dance           Hex            Unusable   N/A       N/A         3
 Summon Ice Beast         Ice/Summ       Unusable   N/A       N/A         4
 Summon Lightning Spire   Summ/Air       Unusable   N/A       N/A         4
 Summon Forest            Summ/Tloc      Unusable   N/A       N/A         5
 Simulacrum               Ice/Necr       Unusable   N/A       N/A         6
 Statue Form              Tmut/Erth      Unusable   N/A       N/A         6
 Malign Gateway           Summ/Tloc      Unusable   N/A       N/A         7
 Spellforged Servitor     Conj/Summ      Unusable   N/A       N/A         7

Dungeon Overview and Level Annotations

Branches:
Dungeon (15/15)            Temple (1/1) D:6            Lair (6/6) D:11
 Shoals (4/4) Lair:2       Spider (4/4) Lair:4        Slime (0/5) Lair:6
    Orc (2/2) D:12            Elf (0/3) Orc:2        Vaults (5/5) D:14
  Crypt (0/3) Vaults:2     Depths (1/4) D:15          IceCv (visited)
Volcano (visited)         Desolation (visited)

Altars:
Ashenzari
Cheibriados
Dithmenos
Elyvilon
Fedhas
Gozag
Hepliaklqana
Kikubaaqudgha
Makhleb
Nemelex Xobeh
Okawaru
Qazlal
Ru
Sif Muna
Trog
Uskayaw
Vehumet
Wu Jian
Xom
Yredelemnul
Zin
The Shining One
Beogh
Jiyva

Shops:
D:8 *   D:9 *   D:10 *   D:15 [   Orc:1 (   Orc:2 ((*:   Shoals:2 *
Shoals:4 :(   Vaults:3 (

Portals:
Ziggurat: Depths:1


Innate Abilities, Weirdness & Mutations

You are immune to sickness and miasma.
Your stone body is resilient. (AC +16)
You are immune to poison.
Your large and strong wings let you fly.
You resist negative energy. (rN+)
You are resistant to electric shocks. (rElec)
You are resistant to unholy torment.
You are immune to petrification.


Message History

Unknown command.
You hit the iron troll.
The iron troll looks as sick as possible!
The iron troll is almost dead.
You block the iron troll's attack. x2; The iron troll closely misses you.
You puncture the iron troll!
You kill the iron troll!
Okawaru accepts your kill. Okawaru grants you a weapon!
Something appears at your feet!
You see here a +1 trident of venom.
The troll leather armour is intact enough to wear.
The iron troll bites you!! You block the iron troll's attack. x2
The iron troll closely misses you. The iron troll claws you!!
* * * LOW HITPOINT WARNING * * *
The iron troll claws you but does no damage.
You block the iron troll's attack. x2; The iron troll barely misses you.
Items here: [[[ ††††.
You impale the iron troll!!
The iron troll is moderately wounded.
The iron troll misses you. The iron troll claws you.
* * * LOW HITPOINT WARNING * * *
You block the iron troll's attack.
You puncture the iron troll!
The iron troll looks as sick as possible!
The iron troll is heavily wounded.
You block the iron troll's attack. x2; The iron troll claws you!!
* * * LOW HITPOINT WARNING * * *
Unknown command.
You hit the iron troll.
The iron troll looks as sick as possible!
The iron troll is heavily wounded.
You block the iron troll's attack. x2
The iron troll claws you but does no damage.
You hit the iron troll.
The iron troll looks as sick as possible!
The iron troll is heavily wounded.
The iron troll bites you!!!
* * * LOW HITPOINT WARNING * * *
The iron troll claws you!
You die...

#.....#
#.....#
#.....#
#.....#
#.....#
#######.....#
............#
.......T....#
.......@)...#
........T..$#
............#
............#
............#
#######.....#
#.....#
#.....#


You could see 2 iron trolls.

Vanquished Creatures
  Mara (Vaults:4)
  Mennas (Vaults:3)
  Arachne (Spider:4)
  Mlioglotl (Spider:4)
  Asterion (Spider:3)
  A titan (Vaults:4)
  The ghost of Kusoirgh the Bludgeoner, an adept MiBe of Trog (Spider:1)
  The ghost of shoop the Severer, an adept PaAK of Lugonu (Shoals:3)
  A tengu reaver (Depths:1)
  A storm dragon (Vaults:4)
  Kirke (Shoals:1)
  Roxanne (D:14)
  Ilsuiw (Shoals:3)
  5 emperor scorpions (Spider:4)
  3 fire giants
  8 vault wardens
  A draconian knight (IceCv)
  3 orc warlords
  7 ghost moths
  9 ironbound preservers
  Louise (Spider:3)
  A war gargoyle (Vaults:4)
  4 ironbound thunderhulks
  3 stone giants
  12 very ugly things
  A vampire knight (Depths:1)
  The ghost of Xos Poh the Warrior, a journeyman MiBe of Trog (Lair:1)
  The ghost of Xos Poh the Warrior, a journeyman MiBe of Trog (Lair:1)
  Nessos (D:12)
  9 entropy weavers
  3 spark wasps (Spider:3)
  5 white draconians (IceCv)
  3 halazid warlocks (Desolation)
  Azrael (Spider:3)
  The ghost of strifetoe the Bringer of Life, a journeyman DjGl of Elyvilon (D:9)
  6 dire elephants
  Josephine (D:9)
  4 merfolk javelineers (Shoals:4)
  3 fire dragons
  3 ettins
  8 yaktaur captains
  2 deep elf high priests
  7 merfolk impalers
  2 ragged hierophants (Desolation)
  3 ice dragons (Depths:1)
  Erolcha (Orc:1)
  9 hydras
  3 great orbs of eyes
  Harold (D:10)
  4 boulder beetles
  2 ogre magi (D:15)
  5 servants of whispers (Desolation)
  The ghost of Ecyzas the Destroyer, a journeyman TeCj of Vehumet (Lair:1)
  The ghost of Ecyzas the Destroyer, a journeyman TeCj of Vehumet (Lair:1)
  3 jorogumos
  A ghost crab (Spider:3)
  9 ironbound frosthearts
  5 merfolk avatars
  27 vault guards
  An alligator snapping turtle (Shoals:4)
  4 peacekeepers (Desolation)
  15 centaur warriors
  5 merfolk aquamancers
  15 two-headed ogres
  3 catoblepae
  2 satyrs
  4 deep troll shamans (Depths:1)
  2 radroaches
  Erica (D:11)
  A spriggan berserker (Depths:1)
  3 deep troll earth magi (Depths:1)
  14 death yaks
  3 tengu warriors
  A vampire mage (Depths:1)
  Urug (D:11)
  8 hell knights
  4 orc high priests (Orc:2)
  4 iron trolls (Depths:1)
  A salamander mystic (Volcano)
  3 sun moths
  Nergalle (D:11)
  6 pharaoh ants
  9 skeletal warriors
  5 steelbarb worms
  A wretched star (Abyss:3)
  17 sea snakes
  33 deep trolls
  A sixfirhy (Abyss:3)
  14 orb spiders
  A swamp dragon (Lair:6)
  A deep elf archer (D:14)
  An orange crystal statue (IceCv)
  8 wizards
  11 orc knights
  24 harpies
  A phantasmal warrior (Vaults:4)
  6 lindwurms
  2 deep elf pyromancers
  13 ironbound convokers
  2 necromancers
  8 fauns (Shoals:1)
  32 manticores
  7 orc sorcerers
  7 cyclopes
  21 wolf spiders
  27 ugly things
  4 salamanders (Volcano)
  A frost giant zombie (Vaults:4)
  5 moths of wrath
  16 elephants
  The ghost of AttackTheMoon the Shield-Bearer, a novice TrBe of Trog (D:5)
  6 black mambas
  3 water nymphs
  8 merfolk sirens
  Maurice (D:10)
  5 torpor snails
  A human skeleton (Vaults:4)
  An unseen horror (D:11)
  2 gargoyles
  A cane toad (shapeshifter) (D:14)
  2 molten gargoyles (Volcano)
  6 storm dragon simulacra (IceCv)
  11 demonic crawlers
  14 cane toads
  16 vault sentinels
  2 guardian serpents (Desolation)
  A yaktaur zombie (Vaults:4)
  An efreet (D:15)
  2 unseen horrors (shapeshifter)
  21 yaktaurs
  4 rime drakes
  8 komodo dragons
  4 golden dragon simulacra (IceCv)
  6 trolls
  A tengu conjurer (D:14)
  18 meliai
  3 wind drakes
  3 polar bears
  30 merfolk
  21 dream sheep
  6 tyrant leeches (Spider:3)
  22 tarantellas
  4 blink frogs (Lair:6)
  49 slime creatures
  21 saltlings (Desolation)
  12 snapping turtles
  A human simulacrum (Vaults:4)
  27 jumping spiders
  5 water elementals
  17 culicivoras
  5 starcursed masses (Shoals:3)
  An ettin skeleton (Vaults:4)
  9 wraiths
  A large abomination (Abyss:3)
  A centaur simulacrum (D:15)
  6 wyverns
  5 humans
  2 fire bats (Volcano)
  5 fire elementals (Spider:3)
  A golden eye (Abyss:3)
  45 yaks
  65 redbacks
  5 basilisks
  12 vampire mosquitoes
  2 steam dragons
  4 acid dragons
  19 water moccasins
  2 hell hounds
  2 ice beasts (Vaults:1)
  2 black bears
  44 orc warriors
  2 sky beasts
  2 swamp drakes (Lair:6)
  A sky beast (shapeshifter) (D:13)
  8 ice dragon simulacra (IceCv)
  8 wolves
  5 boggarts (D:14)
  11 ogres
  6 centaurs
  A kobold brigand (D:8)
  13 bullfrogs
  A gnoll sergeant (D:13)
  3 scorpions
  2 water moccasin zombies (D:5)
  A water moccasin skeleton (D:6)
  3 lindwurm simulacra (IceCv)
  9 killer bees
  A howler monkey (D:7)
  A bullfrog zombie (D:5)
  5 lava snakes (Volcano)
  19 orc priests
  6 centaur zombies
  8 hounds
  4 jellies (D:9)
  2 centaur skeletons
  7 iguanas
  24 orc wizards
  A hound skeleton (D:4)
  A howler monkey zombie (D:8)
  15 gnolls
  14 adders
  A white imp (Vaults:1)
  2 ufetubi
  4 worms
  4 dart slugs
  85 orcs
  3 bats
  11 endoplasms
  3 giant cockroaches
  4 goblins
  11 hobgoblins
  4 jackals
  2 quokkas
  4 ball pythons
  3 frilled lizards
  8 kobolds
  3 rats
1528 creatures vanquished.

Vanquished Creatures (others)
  A vault warden (Vaults:5)
  2 tarantellas (Spider:3)
  3 saltlings (Desolation)
  A redback (Spider:3)
  A hell hound (Spider:3)
  An orc priest (Orc:2)
  3 orc wizards
  90 fungi
  A pillar of salt (Desolation)
  174 plants
  5 withered plants
282 creatures vanquished.

Grand Total: 1810 creatures vanquished

Notes
Turn   | Place    | Note
-------+----------+-------------------------------------------
     0 | D:1      | blank1 the Gargoyle Fighter began the quest for the Orb.
     0 | D:1      | Reached XP level 1. HP: 14/14 MP: 1/1
   191 | D:1      | Reached XP level 2. HP: 19/19 MP: 2/2
  1016 | D:1      | Reached XP level 3. HP: 13/23 MP: 3/3
  1606 | D:1      | Reached skill level 1 in Dodging
  1606 | D:1      | Reached XP level 4. HP: 18/29 MP: 4/4
  1808 | D:2      | Found an ornate altar of the Wu Jian Council.
  2353 | D:2      | Noticed a shining eye
  2355 | D:2      | Found a faded altar of an unknown god.
  2357 | D:2      | Noticed a golden eye
  2357 | D:2      | Noticed a great orb of eyes
  2357 | D:2      | Noticed an eye of devastation
  2366 | D:2      | Identified the +10 mace of Muorog {vorpal, rN+}
  2644 | D:3      | Reached skill level 4 in Fighting
  2717 | D:3      | Reached XP level 5. HP: 32/33 MP: 5/5
  3194 | D:4      | Reached XP level 6. HP: 33/38 MP: 6/6
  3863 | D:5      | Entered Level 5 of the Dungeon
  3875 | D:5      | Reached skill level 5 in Fighting
  3875 | D:5      | Reached XP level 7. HP: 40/44 MP: 7/7
  3883 | D:5      | Reached skill level 5 in Maces & Flails
  3986 | D:5      | Reached skill level 6 in Fighting
  4181 | D:5      | Reached XP level 8. HP: 49/51 MP: 8/8
  4401 | D:5      | Found a runed translucent gate.
  4403 | D:5      | Found a runed translucent gate.
  4404 | D:5      | Found a runed translucent gate.
  4405 | D:5      | Found an opulent altar of Gozag.
  4406 | D:5      | Noticed AttackTheMoon's ghost (novice TrBe)
  4768 | D:6      | Reached skill level 7 in Fighting
  4800 | D:6      | Identified a scroll of acquirement
  4800 | D:6      | Acquired the ring of Rogitos {rPois rF+ Dex+7}
  5354 | D:6      | Found a staircase to the Ecumenical Temple.
  5369 | Temple   | Entered the Ecumenical Temple
  5421 | Temple   | Became a worshipper of Warmaster Okawaru
  5615 | D:5      | Reached skill level 5 in Armour
  5615 | D:5      | Reached XP level 9. HP: 57/57 MP: 9/9
  5624 | D:5      | Reached skill level 1 in Invocations
  5634 | D:5      | Killed AttackTheMoon's ghost
  5634 | D:5      | Reached * piety under Okawaru
  5635 | D:5      | Reached skill level 8 in Fighting
  5825 | D:7      | Acquired 1261 gold pieces
  6396 | D:8      | Reached ** piety under Okawaru
  6397 | D:8      | Reached skill level 9 in Fighting
  6462 | D:8      | Found Rug Uty's CLEARANCE SALE!.
  6471 | D:8      | Bought a scroll of acquirement for 260 gold pieces
  6473 | D:8      | Acquired a +1 pair of gloves of strength
  6560 | D:8      | Got the Handbook of Earth
  6712 | D:8      | Noticed a two-headed ogre
  6722 | D:8      | Killed a two-headed ogre
  6723 | D:8      | Reached skill level 10 in Fighting
  6723 | D:8      | Reached XP level 10. HP: 59/68 MP: 7/13
  6883 | D:8      | Acquired a manual of Invocations
  7247 | D:9      | Reached skill level 5 in Invocations
  7395 | D:9      | Found a runed translucent gate.
  7395 | D:9      | Found a runed translucent gate.
  7395 | D:9      | Found a runed translucent gate.
  7395 | D:9      | Noticed strifetoe's ghost (journeyman DjGl)
  7399 | D:9      | Found a viscous altar of Jiyva.
  7411 | D:9      | Reached *** piety under Okawaru
  7487 | D:9      | Found Ipuvily's Changing Room.
  7815 | D:9      | Noticed a manticore
  7856 | D:9      | Reached skill level 10 in Maces & Flails
  7869 | D:9      | Killed a manticore
  7869 | D:9      | Reached **** piety under Okawaru
  8342 | D:10     | Entered Level 10 of the Dungeon
  8345 | D:10     | Noticed Maurice
  8359 | D:10     | Killed Maurice
  8360 | D:10     | Reached XP level 11. HP: 70/72 MP: 16/16
  8408 | D:10     | Found a sacrificial altar of Ru.
  8436 | D:10     | Noticed a centaur warrior
  8444 | D:10     | Killed a centaur warrior
  8445 | D:10     | Found Latu's Demolitions Depot.
  8796 | D:10     | Noticed Josephine
  8828 | D:10     | Reached skill level 5 in Dodging
  8838 | D:9      | Received a gift from Okawaru
  8850 | D:9      | Killed Josephine
  8977 | D:10     | Reached ***** piety under Okawaru
  8978 | D:10     | Reached skill level 10 in Armour
  9007 | D:10     | Noticed Harold
  9020 | D:10     | Killed Harold
  9074 | D:10     | Received a gift from Okawaru
  9214 | D:10     | Noticed a two-headed ogre
  9226 | D:10     | Killed a two-headed ogre
  9524 | D:11     | Noticed a two-headed ogre
  9532 | D:11     | Killed a two-headed ogre
  9533 | D:11     | Reached skill level 11 in Fighting
  9533 | D:11     | Reached skill level 10 in Invocations
  9735 | D:11     | Noticed Nergalle
  9751 | D:11     | Killed Nergalle
  9752 | D:11     | Reached XP level 12. HP: 70/80 MP: 17/19
  9887 | D:11     | Noticed a boulder beetle
  9950 | D:11     | Noticed Erica
  9950 | D:11     | Found a staircase to the Lair.
  9961 | D:11     | Killed Erica
 10008 | D:11     | Reached skill level 12 in Fighting
 10139 | D:11     | Received a gift from Okawaru
 10189 | D:11     | Identified the +6 mace of Koiwota {vorpal, Contam rC+ rN+}
 10250 | D:11     | Noticed Urug
 10278 | D:11     | Killed Urug
 10488 | D:11     | Killed a boulder beetle
 10838 | D:11     | Noticed a two-headed ogre
 10846 | D:11     | Killed a two-headed ogre
 10915 | D:11     | Found a blossoming altar of Fedhas.
 10974 | Lair:1   | Entered Level 1 of the Lair of Beasts
 11193 | Lair:1   | Identified the +1 scale mail of Vyskeob {-Cast Str+2 Dex+7}
                  | (Okawaru gifted it to you on level 1 of the Lair of Beasts)
 11193 | Lair:1   | Received a gift from Okawaru
 11225 | Lair:1   | Reached XP level 13. HP: 60/87 MP: 16/20
 11614 | Lair:1   | Found an iron altar of Okawaru.
 11686 | Lair:1   | Found a runed translucent gate.
 11686 | Lair:1   | Found a runed translucent gate.
 11687 | Lair:1   | Found a runed translucent gate.
 12063 | Lair:1   | Noticed Ecyzas's ghost (journeyman TeCj)
 12063 | Lair:1   | Noticed Ecyzas's ghost (journeyman TeCj)
 12064 | Lair:1   | Noticed Xos Poh's ghost (journeyman MiBe)
 12064 | Lair:1   | Noticed Xos Poh's ghost (journeyman MiBe)
 12260 | Lair:2   | Reached skill level 13 in Fighting
 12260 | Lair:2   | Reached skill level 5 in Shields
 12267 | Lair:2   | Identified the +1 robe "Yruogap" {Int+5}
 13302 | Lair:2   | Found a staircase to the Shoals.
 13406 | Lair:2   | Received a gift from Okawaru
 13763 | Lair:3   | Found a dark tunnel.
 13772 | Volcano  | Entered a volcano
 14362 | Volcano  | Found a burning altar of Makhleb.
 14417 | Volcano  | HP: 2/88 [salamander (6)]
 15053 | Lair:3   | Reached skill level 14 in Fighting
 15053 | Lair:3   | Gained mutation: Your large and strong wings let you fly.
                  | [Gargoyle growth]
 15053 | Lair:3   | Reached XP level 14. HP: 92/96 MP: 21/21
 15290 | Lair:3   | Reached skill level 10 in Shields
 15907 | Lair:3   | Identified the +1 war axe "Faoneor" {venom, rN+ Int+7}
 16255 | Lair:4   | Acquired a manual of Conjurations
 16284 | Lair:4   | Found a hole to the Spider Nest.
 17347 | Lair:5   | Reached skill level 15 in Fighting
 17431 | Lair:5   | Identified the +0 plate armour of Jiwnah {rC+ Dex+3 Stlth-}
                  | (Okawaru gifted it to you on level 5 of the Lair of Beasts)
 17431 | Lair:5   | Received a gift from Okawaru
 17985 | Lair:6   | Entered Level 6 of the Lair of Beasts
 18444 | Lair:6   | Acquired the +3 Elemental Staff {rElec rF++ rC++ AC+5}
 18444 | Lair:6   | Found the +3 Elemental Staff {rElec rF++ rC++ AC+5}
 18633 | Lair:6   | Reached skill level 1 in Staves
 18724 | Lair:6   | Reached skill level 1 in Evocations
 18908 | Lair:6   | Found a staircase to the Slime Pits.
 18909 | Lair:6   | Found a viscous altar of Jiyva.
 19002 | Lair:6   | Reached ****** piety under Okawaru
 19031 | Lair:6   | Received a gift from Okawaru
 19505 | Lair:6   | Noticed a dire elephant
 19524 | Lair:6   | Killed a dire elephant
 19537 | Lair:6   | Identified the +3 ring mail of Uteohuvi {rF+ Int-5 Dex+4}
                  | (Okawaru gifted it to you on level 6 of the Lair of Beasts)
 19537 | Lair:6   | Received a gift from Okawaru
 19538 | Lair:6   | Reached XP level 15. HP: 76/103 MP: 9/22
 19867 | Lair:6   | Got Wighuel's Collected Works on Summoning and Bewitchment
 20608 | Lair:1   | Killed Xos Poh's ghost
 20643 | Lair:1   | Killed Xos Poh's ghost
 20650 | Lair:1   | Killed Ecyzas's ghost
 20656 | Lair:1   | Killed Ecyzas's ghost
 20667 | Lair:1   | Identified the +2 long sword "Seuj" {antimagic, *Rage Str+9
                  | Dex+7}
 20684 | Lair:1   | Identified the +11 war axe "Omestag" {vorpal, Fly rF- Dex+5
                  | SInv}
 20849 | D:9      | Killed strifetoe's ghost
 20953 | D:12     | Noticed Nessos
 20972 | D:12     | Killed Nessos
 20978 | D:12     | Acquired a manual of Armour
 21069 | D:12     | Found a staircase to the Orcish Mines.
 22293 | D:13     | Received a gift from Okawaru
 22506 | D:14     | Identified the ring "Zyixzuhe" {Wiz rN+ Int+4}
 22512 | D:14     | Identified Roxanne's Volume of Transformation
 22512 | D:14     | Noticed Roxanne
 22956 | D:14     | Reached skill level 5 in Evocations
 23106 | D:14     | Found a bloodstained altar of Trog.
 23350 | D:14     | Found a gate to the Vaults.
 23576 | D:14     | Killed Roxanne
 23667 | D:15     | Entered Level 15 of the Dungeon
 23745 | D:14     | Found a hide-covered altar of Uskayaw.
 23876 | D:15     | Reached skill level 15 in Armour
 23900 | D:15     | Reached XP level 16. HP: 86/108 MP: 17/23
 24115 | D:15     | Identified the +0 pair of gloves "Yladuhoytt" {+Blink rCorr
                  | Str+6 Dex-5} (Okawaru gifted it to you on level 15 of the
                  | Dungeon)
 24115 | D:15     | Received a gift from Okawaru
 24164 | D:15     | Found a staircase to the Depths.
 24869 | D:15     | Found an ancient bone altar of Kikubaaqudgha.
 24915 | D:15     | Found Suobeh's Antique Armour Emporium.
 25771 | Orc:1    | Entered Level 1 of the Orcish Mines
 26264 | Orc:2    | Entered Level 2 of the Orcish Mines
 26264 | Orc:2    | Found Puig Ema's Weapon Shop.
 26680 | Orc:2    | Found a staircase to the Elven Halls.
 26726 | Orc:1    | Found Suero's Antique Weapon Shop.
 26995 | Orc:2    | Noticed Erolcha
 27055 | Orc:1    | Killed Erolcha
 27362 | Orc:1    | Received a gift from Okawaru
 27545 | Orc:2    | Paralysed by an orc sorcerer for 6 turns
 28431 | Orc:2    | Found Peukac's General Store.
 28432 | Orc:2    | Found Yguv's Book Shoppe.
 28434 | Orc:2    | Found Duvomim's Antique Armour Shoppe.
 28434 | Orc:2    | Found Pefiluumn's Antique Weapon Emporium.
 28660 | Spider:1 | Entered Level 1 of the Spider Nest
 29225 | Spider:1 | Found a frozen archway.
 29226 | Spider:1 | Found a runed translucent door.
 29231 | IceCv    | Entered an ice cave
 29588 | IceCv    | Identified the +8 spear of Bafroni {holy, *Noise Dex+8}
                  | (Okawaru gifted it to you in an ice cave)
 29588 | IceCv    | Received a gift from Okawaru
 29589 | IceCv    | Reached XP level 17. HP: 74/115 MP: 21/27
 30116 | IceCv    | Identified the ring "Ritecseq" {rPois rF++ Int+6 Dex-2
                  | Slay+5}
 30623 | IceCv    | Reached skill level 16 in Fighting
 30989 | IceCv    | Identified the ring of Huivitri {rElec rPois rF+ Str+4
                  | Stlth-}
 31108 | IceCv    | Found the +4 skin of Zhor {*Englaciate rC+++ SInv}
 31132 | IceCv    | Identified the ring "Osimoch" {rPois SInv}
 31394 | Spider:1 | Noticed Kusoirgh's ghost (adept MiBe)
 31705 | Spider:1 | Received a gift from Okawaru
 32327 | Spider:1 | Identified the +1 robe of Iki Bif {Int+3 Dex+4}
 32761 | Spider:1 | Killed Kusoirgh's ghost
 33269 | Spider:2 | Reached skill level 17 in Fighting
 34031 | Spider:3 | Identified the +4 scale mail of Fashionability {rF+}
                  | (Okawaru gifted it to you on level 3 of the Spider Nest)
 34031 | Spider:3 | Received a gift from Okawaru
 35336 | Spider:3 | Noticed Asterion
 35355 | Spider:3 | Noticed an Executioner
 35360 | Spider:3 | Killed Asterion
 35757 | Spider:3 | Noticed Azrael
 35828 | Spider:3 | Killed Azrael
 36705 | Spider:4 | Entered Level 4 of the Spider Nest
 36721 | Spider:4 | Noticed Mlioglotl
 37011 | Spider:3 | Reached skill level 10 in Dodging
 37088 | Spider:4 | Killed Mlioglotl
 37102 | Spider:4 | Reached XP level 18. HP: 88/123 MP: 19/28
 37570 | Spider:4 | Noticed Louise
 37590 | Spider:3 | Killed Louise
 38338 | Spider:4 | Reached skill level 18 in Fighting
 38634 | Spider:3 | Received a gift from Okawaru
 39203 | Spider:4 | Noticed Arachne
 39381 | Spider:4 | Killed Arachne
 39718 | Spider:4 | Reached skill level 19 in Fighting
 41160 | Spider:4 | Reached skill level 20 in Fighting
 41438 | Spider:4 | Got a gossamer rune of Zot
 41674 | Shoals:1 | Entered Level 1 of the Shoals
 41909 | Shoals:1 | Noticed Kirke
 41928 | Shoals:1 | Killed Kirke
 41928 | Shoals:1 | Received a gift from Okawaru
 42583 | Shoals:1 | Reached XP level 19. HP: 135/135 MP: 29/29
 44166 | Shoals:2 | Found Doif's Assorted Antiques.
 44423 | Shoals:3 | Found a transporter.
 44431 | Shoals:3 | Reached skill level 15 in Shields
 44452 | Shoals:3 | Noticed shoop's ghost (adept PaAK)
 44563 | Shoals:3 | Found a transporter.
 44845 | Shoals:3 | Noticed Ilsuiw
 45144 | Shoals:3 | Killed Ilsuiw
 46060 | Shoals:3 | Cast into level 3 of the Abyss (shoop's ghost)
 46115 | Abyss:3  | Found a corrupted altar of Lugonu.
 46231 | Shoals:3 | Escaped the Abyss
 46403 | Shoals:3 | Killed shoop's ghost
 46428 | Shoals:3 | Identified the +0 pair of gloves of Disappointment {Str+3}
 46696 | Shoals:4 | Entered Level 4 of the Shoals
 46715 | Shoals:4 | Found Wianty's Self-Improvement Boutique.
 46715 | Shoals:4 | Found Gessu's Weapon Shoppe.
 46932 | Shoals:4 | Bought a manual of Fighting for 1520 gold pieces
 47125 | Shoals:4 | Reached skill level 15 in Invocations
 47224 | Shoals:3 | Upgraded the game from 0.28-a0-1312-g71652a0310 to
                  | 0.28-a0-1339-ga5422284a4
 47558 | Shoals:4 | Reached skill level 21 in Fighting
 47644 | Shoals:4 | Identified the +9 demon trident of Qijid {venom, rC+ SInv}
 47690 | Shoals:4 | Got a barnacled rune of Zot
 47797 | Shoals:4 | Identified the +7 great sword "Nihibu" {freeze, rF- Dex+5}
 48293 | Shoals:4 | Reached skill level 1 in Polearms
 48345 | Shoals:4 | Reached skill level 22 in Fighting
 49326 | Vaults:1 | Entered Level 1 of the Vaults
 49386 | Vaults:1 | Identified the +7 kite shield of Pan-Flutes {Rampage Will+
                  | Int-4 Dex+4} (Okawaru gifted it to you on level 1 of the
                  | Vaults)
 49386 | Vaults:1 | Received a gift from Okawaru
 49790 | Vaults:1 | Reached XP level 20. HP: 144/147 MP: 31/31
 50580 | Vaults:1 | Reached skill level 23 in Fighting
 50936 | Vaults:1 | Reached skill level 5 in Polearms
 52090 | Vaults:2 | Received a gift from Okawaru
 52306 | Vaults:2 | Reached skill level 24 in Fighting
 53615 | Vaults:2 | Received a gift from Okawaru
 53890 | Vaults:2 | Found a staircase to the Crypt.
 53890 | Vaults:2 | Found a basalt altar of Yredelemnul.
 53891 | Vaults:2 | Found an ancient bone altar of Kikubaaqudgha.
 54149 | Vaults:3 | Found Ruon's Antique Weapon Boutique.
 54183 | Vaults:3 | Noticed Mennas
 54224 | Vaults:3 | Killed Mennas
 54336 | Vaults:3 | Found a crumbling gateway.
 54340 | Desolati | Entered the Desolation of Salt
 54786 | Desolati | Reached skill level 25 in Fighting
 54823 | Desolati | Reached XP level 21. HP: 157/158 MP: 32/32
 54863 | Desolati | Identified the +0 pair of gloves "Zuceck" {Harm rC+}
                  | (Okawaru gifted it to you in the Desolation of Salt)
 54863 | Desolati | Received a gift from Okawaru
 55754 | Vaults:3 | Reached skill level 10 in Polearms
 56563 | Vaults:3 | Found Aqewk's Antique Weapon Emporium.
 57096 | Vaults:4 | Noticed Mara
 57107 | Vaults:4 | Noticed blank1's illusion
 57117 | Vaults:4 | Killed Mara
 57289 | Vaults:4 | Received a gift from Okawaru
 57407 | Vaults:4 | Identified the +6 chain mail "Litirchoz" {Rampage rPois
                  | rCorr Str-3}
 58240 | Vaults:5 | Entered Level 5 of the Vaults
 58472 | Vaults:4 | Received a gift from Okawaru
 58704 | Vaults:4 | Reached XP level 22. HP: 156/164 MP: 31/33
 59642 | Depths:1 | Entered Level 1 of the Depths
 59642 | Depths:1 | Found a one-way gateway to a ziggurat.
 60647 | Depths:1 | Received a gift from Okawaru
 60652 | Depths:1 | HP: 1/164 [iron troll (30)]
 60652 | Depths:1 | Mangled by an iron troll

Illustrated notes

Levels and vault maps discovered:
D:1:      ebering_trefoil_3fold, layout_loops_corners,
          hangedman_abyss_or_decor_lesser_grid
D:2:      layout_basic, hellmonk_ecumenical_altar_watching_god, basic_altar
D:3:      layout_rooms, minmay_misc_feat_four_crosses
D:4:      layout_cave_pools
D:5:      layout_basic, ebering_ghost_gozag
D:6:      layout_rooms, minmay_temple_entry_gardened_gates
D:7:      layout_cave_pools, sigmund_army
D:8:      layout_loops_ring, grunt_ministairs_8, st_stairs_3,
          nicolae_shop_clearance
D:9:      layout_basic, gammafunk_ghost_ooze, nicolae_transmutations_shop,
          grunt_ministairs_15
D:10:     layout_rooms, nicolae_ru_great_annihilating_truth,
          nicolae_blasting_shop, uniq_maurice, uniq_harold, uniq_josephine
D:11:     layout_loops_cross, due_lair_maze_entry_diamond,
          gauntlet_entry_generic, grunt_ministairs_13, fedhas_altar_4,
          uniq_urug, uniq_nergalle, uniq_erica
D:12:     layout_roguey, david_orc_2, special_room [special_room_orc],
          uniq_nessos
D:13:     layout_roguey
D:14:     minmay_inner_zag, layout_rooms, grunt_vaults_entry_fortified,
          bloody_trog, grunt_ministairs_7, st_stairs_7,
          eat_drink_and_be_merry_uskayaw, uniq_roxanne
D:15:     grunt_enter_depths_giant_problem, layout_basic, serial_park_gazebo
          [serial_park_minivault_5x5_7], serial_shops, shop,
          kiku_gazebo_pond_becter
Temple:   nicolae_temple_the_god_donut
Lair:1:   minmay_lair_venomous_thicket, layout_gridlike, basic_altar,
          gammafunk_ghost_cemetery, hibernation_bobbens, grunt_megastairs_2
Lair:2:   layout_regular_city, shoals_dummy_entry
Lair:3:   layout_roguey, enter_volcano_1, infiniplex_staircase_pool_2
Lair:4:   layout_layer_cave, spider_nest_entry_webs, grunt_megastairs_1
Lair:5:   layout_gridlike
Lair:6:   hangedman_lair_in_review, layout_long_grid, guppyfry_lair_end_dragon,
          slime_altar_1
Shoals:1: layout_shoals, nicolae_shoals_shepherds, uniq_kirke
Shoals:2: layout_shoals, serial_shops, nicolae_shop_trees,
          nicolae_shoals_loop_pool
Shoals:3: layout_shoals, gammafunk_ghost_berserking_beasts, uniq_ilsuiw
Shoals:4: shoals_end_simple, layout_shoals, shoals_ilsuiw_ice, serial_shops,
          shop, nicolae_shop_self_help
Spider:1: layout_chambers, portal_ice_cave_entry_pillars_1,
          gammafunk_ghost_grave
Spider:2: layout_spider_delve
Spider:3: layout_cave_pods, nicolae_spider_swamp_cousins, uniq_asterion,
          uniq_azrael
Spider:4: grunt_spider_rune_circles, uniq_louise, uniq_mlioglotl, uniq_arachne
Orc:1:    layout_caves, serial_shops, nicolae_shop_behind_doors
Orc:2:    st_orc_congregation, layout_diamond_mine, serial_shops, shop,
          uniq_erolcha
Vaults:1: v_misc_31, serial_ice_m, v_misc_18, vaults_mumra_minichess,
          nicolae_vaults_alarming, vaults_room_semicircle,
          ontoclasm_vaults_misaligned, nicolae_vaults_little_squares_2,
          grunt_vaults_hallway_long, vaults_room_pools,
          layout_vaults_chaotic_city
Vaults:2: v_misc_30, ontoclasm_vaults_ring_square,
          nicolae_vaults_little_squares_5, minmay_crypt_entry_necro_gods,
          vaults_room_hallway, nicolae_vaults_mini_display_case, v_misc_26,
          v_misc_14, v_misc_26, ontoclasm_vaults_decontamination,
          nicolae_vaults_little_squares_5, hangedman_vaults_locks, v_misc_16,
          layout_vaults_ring
Vaults:3: portal_desolation_entry_nicolae_forbidding_blocks,
          ontoclasm_vaults_bender, v_misc_2, nicolae_vaults_little_ls,
          v_rooms_3, v_misc_26, nicolae_vaults_specimen_jars,
          nicolae_vaults_little_squares_3, vaults_room_pool,
          layout_vaults_omnicross, serial_shops, nicolae_shop_trees, shop,
          uniq_mennas
Vaults:4: hangedman_vaults_stretched_pinwheel, vaults_mumra_chevron_long,
          hangedman_vaults_corner_blocks, ontoclasm_vaults_ring_large,
          ontoclasm_vaults_ring_large, vaults_dpeg_cross, v_misc_17,
          vaults_room_pool, vaults_room_pool, nicolae_vaults_octagons,
          dpeg_vaults_monster_row, nicolae_vaults_asterisk, vaults_room_fours,
          layout_vaults_maze_bifur, uniq_mara
Vaults:5: serial_shops, uniq_bai_suzhen
Depths:1: layout_forbidden_donut, enter_ziggurat_a,
          hangedman_abyss_or_decor_stabs, hellmouth_1,
          nemelex_diamond_rough_becter

Skill      XL: |  1  2  3  4  5  6  7  8  9 10 11 12 13 14 15 16 17 18 19 20 21 22 |
---------------+-------------------------------------------------------------------+-----
Dodging        | 1 2 3 4 5 6 8 10 11 | 11.2
Armour         | 4 5 8 10 11 15 18 19 | 19.9
Shields        | 4 9 11 12 13 15 | 15.0
Fighting       | 4 5 6 7 10 11 12 14 15 17 20 22 25 | 25.0
Maces & Flails | 4 6 7 9 10 13 14 | 14.0
Invocations    | 4 7 10 14 15 | 15.0
Staves         | 3 4 |  4.1
Evocations     | 2 5 8 |  8.0
Polearms       | 3 8 13 | 13.7

Action                   |  1- 3 |  4- 6 |  7- 9 | 10-12 | 13-15 | 16-18 | 19-21 | 22-24 || total
-------------------------+-------+-------+-------+-------+-------+-------+-------+-------++-------
Melee: Flail             |    93 |    41 |       |       |       |       |       |       ||   134
       Mace              |       |    94 |   179 |   508 |  1417 |  2352 |  1838 |       ||  6388
       Staff             |       |       |       |       |       |   288 |       |       ||   288
       Demon trident     |       |       |       |       |       |       |   559 |   281 ||   840
Throw: Javelin           |       |       |       |     7 |       |       |       |       ||     7
Invok: Heroism           |       |       |     1 |     5 |     9 |     4 |     5 |       ||    24
       Finesse           |       |       |       |     2 |     4 |     6 |     4 |       ||    16
  Use: Scroll            |       |     4 |    18 |     4 |    10 |     5 |    11 |       ||    52
       Potion            |       |       |       |       |     4 |     3 |     2 |       ||     9
 Stab: Invisible         |       |       |       |       |     3 |       |       |       ||     3
       Petrified         |       |       |       |       |     7 |     8 |       |       ||    15
       Petrifying        |       |       |       |       |       |     1 |       |       ||     1
Armor: Scale mail        |    27 |       |       |       |       |       |       |       ||    27
       Chain mail        |    24 |    60 |    60 |       |   240 |       |       |       ||   384
       Plate armour      |       |       |    38 |   317 |   163 |       |       |       ||   518
       Skin              |       |       |       |     2 |       |       |       |       ||     2
       Gold dragon scale |       |       |       |       |   303 |  2146 |  1250 |   174 ||  3873
Dodge: Dodged            |    41 |    54 |    61 |   213 |   379 |  1015 |   760 |   121 ||  2644
Block: Buckler           |    11 |    30 |    54 |   135 |     2 |       |       |       ||   232
       Kite shield       |       |       |       |       |   627 |  1866 |  2062 |   335 ||  4890

Table legend: (Time is in decaauts)
 A = Elapsed time spent in this place.
 B = Non-inter-level travel time spent in this place.
 C = Inter-level travel time spent in this place.
 D = Time resting spent in this place.
 E = Time spent auto-exploring this place.
 F = Levels seen in this place.
 G = Mean time per level.
                   A        B        C        D        E       F      G
               +--------+--------+--------+--------+--------+-----+--------+
         Total |  58802 |  55721 |   3081 |  12912 |  26847 |  42 | 1400.0 |
       Dungeon |  16653 |  15457 |   1196 |   1641 |  10378 |  15 | 1110.2 |
        Temple |     79 |     69 |     10 |      0 |     36 |   1 |   79.0 |
          Lair |   8906 |   8276 |    630 |   1046 |   5423 |   6 | 1484.3 |
        Shoals |   7000 |   6733 |    267 |   1966 |   2258 |   4 | 1750.0 |
   Spider Nest |  10212 |   9859 |    353 |   3652 |   3327 |   4 | 2553.0 |
  Orcish Mines |   2631 |   2572 |     59 |    911 |    677 |   2 | 1315.5 |
        Vaults |   8776 |   8213 |    563 |   1921 |   3647 |   5 | 1755.2 |
        Depths |    726 |    726 |      0 |    214 |    326 |   1 |  726.0 |
         Abyss |    165 |    165 |      0 |     43 |      0 |   1 |  165.0 |
      Ice Cave |   1868 |   1868 |      0 |    967 |    334 |   1 | 1868.0 |
       Volcano |   1214 |   1214 |      0 |    282 |    441 |   1 | 1214.0 |
    Desolation |    567 |    567 |      0 |    269 |      0 |   1 |  567.0 |
               +--------+--------+--------+--------+--------+-----+--------+

Top non-repeatable levels by time:
Spider:3: 4916 daAuts
Vaults:1: 2652 daAuts
Vaults:4: 2349 daAuts
Vaults:3: 2248 daAuts
Shoals:3: 2180 daAuts
Spider:1: 2160 daAuts
Spider:4: 2134 daAuts
Shoals:4: 2060 daAuts
    D:15: 1978 daAuts
  Lair:6: 1971 daAuts
   IceCv: 1868 daAuts
    D:14: 1827 daAuts
  Lair:4: 1736 daAuts
Shoals:1: 1685 daAuts
     D:1: 1655 daAuts
